 Dungeon Crawl Stone Soup version 0.23-a0-586-gacb4b3f (webtiles) character file.

403 galech the Chopper (level 6, -3/47 HPs)
             Began as a Demonspawn Fighter on Dec 19, 2018.
             Slain by a gnoll
             ... wielding a +0 halberd
              (5 damage)
             ... on level 5 of the Dungeon.
             The game lasted 00:05:26 (3948 turns).

galech the Chopper (Demonspawn Fighter)             Turns: 3948, Time: 00:05:27

Health: -3/47      AC:  9    Str: 26    XL:     6   Next: 55%
Magic:  6/6        EV:  9    Int:  9    God:
Gold:   221        SH: 10    Dex: 14    Spells: 5/5 levels left

rFire    . . .     SeeInvis .   a - +0 war axe
rCold    . . .     Gourm    .   c - +0 shield
rNeg     . . .     Faith    .   p - +0 chain mail
rPois    .         Spirit   .   (helmet restricted)
rElec    .         Reflect  .   (no cloak)
rCorr    .         Harm     .   (no gloves)
MR       .....                  (no boots)
Stlth    ..........             (no amulet)
HPRegen  0.15/turn              l - +4 ring of strength
MPRegen  0.10/turn              (no ring)

@: mighty
A: antennae 1, repulsion field 2, rot immunity
a: no special abilities


You were on level 5 of the Dungeon.
You were not hungry.

You visited 1 branch of the dungeon, and saw 5 of its levels.

You collected 221 gold pieces.

Inventory:

Hand Weapons
 a - a +0 war axe (weapon)
Armour
 c - a +0 shield (worn)
 p - a +0 chain mail (worn)
Jewellery
 l - a +4 ring of strength (left hand)
Wands
 q - a wand of random effects (24)
Scrolls
 b - a scroll of magic mapping {unknown}
 e - 2 scrolls of amnesia {unknown}
 g - 2 scrolls of teleportation {unknown}
 h - 8 scrolls of identify {unknown}
 m - a scroll of immolation {unknown}
 s - a scroll of fog {unknown}
Potions
 i - a potion of lignification {unknown}
 j - 3 potions of degeneration {unknown}
 k - a potion of heal wounds {unknown}
 n - a potion of ambrosia {unknown}
 o - a potion of curing {unknown}
Comestibles
 f - 8 rations
 r - a chunk of flesh


   Skills:
 + Level 3.5 Fighting
 + Level 4.6 Axes
 + Level 3.6 Armour
 + Level 0.8 Dodging
 + Level 3.9 Shields


You had 5 spell levels left.
You didn't know any spells.
Your spell library was empty.

Dungeon Overview and Level Annotations

Branches:
Dungeon (5/15)
 Temple: D:4-7

Altars:
Qazlal
Trog

Shops:
D:4 [

Annotations:
D:3 2 runed doors, Leeroy's ghost, amateur GnSk
D:5 Pikel


Innate Abilities, Weirdness & Mutations

You have a pair of small antennae on your head.
You are surrounded by a moderate repulsion field. (EV +3)
You are immune to rotting.


Message History

You hit the slave but do no damage. You slash Pikel! The hound bites you.
You block the slave's attack. x2; Pikel hits you but does no damage.
You block the hound's attack. The slave hits you but does no damage.
The gnoll completely misses you. The slave hits you!
* * * LOW HITPOINT WARNING * * *
The slave hits you.
* * * LOW HITPOINT WARNING * * *
You closely miss the slave.
The slave is heavily wounded.
You slash Pikel! You closely miss the slave. You slash the slave!
You kill the slave!
That felt strangely unrewarding.
You slash the hound!
You kill the hound!
The centaur shoots an arrow.
The arrow barely misses you. You block Pikel's attack.
The slave barely misses you.
The centaur shoots an arrow.
The arrow hits you but does no damage. The slave hits you.
* * * LOW HITPOINT WARNING * * *
The gnoll hits you from afar with a +0 halberd.
You die...

## [ #. ###.. #
#.####....## #.
.........(.
###.. ..........
......#.........
.....$.p##g.....
.......)@K.5....
.......#[p#.....
.......$c## ..#
........## .
.......# .......
....... ....


You could see Pikel, 2 slaves, a centaur, a gnoll and a crimson imp.

Vanquished Creatures
  2 slaves (D:5)
  A gnoll sergeant (D:5)
  A hound (D:5)
  An orc wizard (D:3)
  2 worker ants
  A hound skeleton (D:4)
  4 gnolls (D:5)
  7 adders
  3 oozes
  2 adder skeletons (D:4)
  A worm (D:2)
  A dart slug (D:1)
  4 leopard geckos
  5 orcs (D:3)
  12 bats
  2 giant cockroaches
  11 hobgoblins
  7 jackals
  9 kobolds
  3 quokkas
  3 frilled lizards (D:2)
  7 goblins
  A leopard gecko skeleton (D:4)
  A quokka skeleton (D:5)
  5 rats
96 creatures vanquished.

Notes
Turn   | Place    | Note
-------+----------+-------------------------------------------
     0 | D:1      | galech the Demonspawn Fighter began the quest for the Orb.
     0 | D:1      | Reached XP level 1. HP: 18/18 MP: 1/1
   145 | D:1      | Reached skill level 2 in Axes
   308 | D:1      | Gained mutation: You are surrounded by a mild repulsion
                  | field. (EV +2) [demonic ancestry]
   308 | D:1      | Reached XP level 2. HP: 22/24 MP: 2/2
   862 | D:2      | Reached XP level 3. HP: 22/29 MP: 3/3
  1270 | D:2      | Reached skill level 3 in Axes
  1331 | D:2      | Gained mutation: You have a pair of small antennae on your
                  | head. [demonic ancestry]
  1331 | D:2      | Reached XP level 4. HP: 33/35 MP: 4/4
  2037 | D:3      | Found a runed door.
  2037 | D:3      | Noticed a bullfrog
  2040 | D:3      | Noticed Leeroy's ghost (amateur GnSk)
  2130 | D:3      | Found a faded altar of an unknown god.
  2328 | D:3      | Gained mutation: You are surrounded by a moderate repulsion
                  | field. (EV +3) [demonic ancestry]
  2328 | D:3      | Reached XP level 5. HP: 41/41 MP: 5/5
  3021 | D:3      | Found a runed door.
  3158 | D:4      | Found a bloodstained altar of Trog.
  3269 | D:4      | Reached skill level 4 in Axes
  3401 | D:4      | Found a stormy altar of Qazlal.
  3450 | D:4      | Found Ufauhog's Antique Armour Emporium.
  3929 | D:5      | Entered Level 5 of the Dungeon
  3932 | D:5      | Noticed a slave
  3935 | D:5      | Noticed a slave
  3936 | D:5      | Noticed a slave
  3937 | D:5      | Noticed a slave
  3938 | D:5      | Noticed Pikel
  3939 | D:5      | Gained mutation: You are immune to rotting. [demonic
                  | ancestry]
  3939 | D:5      | Reached XP level 6. HP: 32/47 MP: 6/6
  3945 | D:5      | Killed a slave
  3948 | D:5      | Killed a slave
  3948 | D:5      | HP: 2/47 [slave[Pikel] (3)]
  3948 | D:5      | Slain by a gnoll

Vault maps used:
D:1:      roderic_chinese_lattice_arrival
D:2:      minmay_spotlight, first_ration, minivault_24
D:3:      chequers_ecumenical_altar_twisty, ebering_ghost_sewer_f
D:4:      nicolae_qazlal_general_emergency, serial_shops, shop, trog_book
D:5:      minmay_temple_entry_sparse_star, enter_ossuary_3,
          nicolae_underground_beach, uniq_pikel

Skill      XL: |  1  2  3  4  5 |
---------------+----------------+-----
Axes           | 2 3 4 |  4.6
Armour         | 3 |  3.6
Shields        | 3 |  3.9
Fighting       | |  3.5
Dodging        | |  0.8

Action                   |  1- 3 |  4- 6 || total
-------------------------+-------+-------++-------
Melee: War axe           |   144 |   184 ||   328
  Use: Potion            |       |     1 ||     1
  Eat: Chunk             |     2 |     5 ||     7
       Ration            |       |     1 ||     1
Armor: Scale mail        |    63 |    48 ||   111
       Chain mail        |       |    44 ||    44
Dodge: Dodged            |    66 |    66 ||   132
Block: Shield            |    86 |   141 ||   227

Table legend:
 A = Non-vault XP
 B = Vault XP
 C = Vault XP percentage of total XP
 D = Non-vault monster count
 E = Vault monster count
 F = Vault count percentage of total count
                 A         B        C        D         E       F
            +---------+---------+-------+---------+---------+-------
      Total |     572 |       5 |   0.9 |      91 |       3 |   3.2
            +---------+---------+-------+---------+---------+-------
        D:1 |      37 |       0 |   0.0 |      17 |       0 |   0.0
        D:2 |     118 |       5 |   4.1 |      30 |       3 |   9.1
        D:3 |     140 |       0 |   0.0 |      27 |       0 |   0.0
        D:4 |      47 |       0 |   0.0 |       7 |       0 |   0.0
        D:5 |     230 |       0 |   0.0 |      10 |       0 |   0.0
            +---------+---------+-------+---------+---------+-------
